 Dungeon Crawl Stone Soup version 0.27-a0-1200-g94dc6ad4cf (webtiles) character file.

Game seed: 16186515873279271212

67 polve the Cutter (level 4, 0/35 HPs)
             Began as a Demonspawn Abyssal Knight on May 30, 2021.
             Was a Follower of Lugonu.
             Slain by a rat (1 damage)
             ... on level 1 of the Dungeon.
             The game lasted 00:01:30 (1725 turns).

polve the Cutter (Demonspawn Abyssal Knight)        Turns: 1725, Time: 00:01:30

Health: 0/35       AC:  3    Str: 13      XL:     4   Next: 0%
Magic:  5/5        EV: 11    Int: 14      God:    Lugonu [*.....]
Gold:   27         SH:  0    Dex:  9 (12) Spells: 3/3 levels left

rFire    . . .     SeeInvis .   a - +1 short sword
rCold    . . .     Faith    .   (no shield)
rNeg     . . .     Spirit   .   b - +0 leather armour
rPois    .         Reflect  .   (no helmet)
rElec    .         Harm     .   (no cloak)
rCorr    .         Rampage  .   (no gloves)
Will     .....                  (no boots)
Stlth    +.........             (no amulet)
HPRegen  0.11/turn              (no ring)
MPRegen  0.09/turn              (no ring)

@: no status effects
A: talons 1, powered by death 1, powered by pain 1
a: Renounce Religion, Depart the Abyss


You were on level 1 of the Dungeon.
You worshipped Lugonu.
Lugonu was aware of your devotion.
You visited 1 branch of the dungeon, and saw 1 of its levels.
You visited the Abyss 1 time.

You collected 27 gold pieces.

Inventory:

Hand Weapons
 a - a +1 short sword (weapon)
Armour
 b - a +0 leather armour (worn)
Jewellery
 g - a ring of see invisible
Scrolls
 c - a scroll of identify {unknown}
 e - a scroll of noise {unknown}
Potions
 d - a potion of haste {unknown}
 f - a potion of heal wounds {unknown}


   Skills:
 - Level 3.0 Fighting
 + Level 3.9 Short Blades
 - Level 1.7 Armour
 - Level 0.8 Dodging
 - Level 2.4 Invocations


You had 3 spell levels left.
You didn't know any spells.
Your spell library was empty.

Dungeon Overview and Level Annotations

Branches:
Dungeon (1/15)

Altars:


Innate Abilities, Weirdness & Mutations

You have sharp toenails.
You regenerate a little health from kills.
You sometimes gain a little power by taking damage.


Message History

The rat misses you. The rat misses you. The rat completely misses you.
The rat bites you but does no damage. The rat bites you.
* * * LOW HITPOINT WARNING * * *
The rat closely misses you. The rat bites you.
* * * LOW HITPOINT WARNING * * *
The rat bites you.
* * * LOW HITPOINT WARNING * * *
The rat closely misses you. The rat bites you.
* * * LOW HITPOINT WARNING * * *
The rat bites you.
* * * LOW HITPOINT WARNING * * *
The rat barely misses you. The rat closely misses you.
The rat bites you but does no damage. The rat barely misses you.
The rat completely misses you. The rat bites you but does no damage.
The rat closely misses you. The rat bites you but does no damage.
The rat bites you.
* * * LOW HITPOINT WARNING * * *
The rat closely misses you. The rat barely misses you.
The rat barely misses you. The rat bites you but does no damage.
The rat closely misses you. The rat misses you. The rat misses you.
The rat bites you.
* * * LOW HITPOINT WARNING * * *
The rat bites you.
* * * LOW HITPOINT WARNING * * *
The rat misses you. The rat bites you.
You die...

#.# #..# #÷#.## #.#
#.####..#######....#########[#
..............#..............#
.......######)#.....#############
.####.## #.....................
## #.# ##.#.....############# #
#.# .. ####...## ### #.#
....####.## ##.. #.#
......r@.#### #... #..
............##### #... ###
.....######.....#####... ....
#####.##...... ?.. #..†...... #.
####...... # ####... #... #...


You could see a rat.

Vanquished Creatures
  A quasit (Abyss:1)
  A gnoll (D:1)
  A dart slug (D:1)
  2 endoplasms (D:1)
  2 goblins (D:1)
  3 hobgoblins (D:1)
  3 ball pythons (D:1)
  7 bats (D:1)
  4 frilled lizards (D:1)
  A kobold (D:1)
  2 rats (D:1)
27 creatures vanquished.

Notes
Turn   | Place    | Note
-------+----------+-------------------------------------------
     0 | Abyss:1  | polve the Demonspawn Abyssal Knight began the quest for the
                  | Orb.
     0 | Abyss:1  | Reached XP level 1. HP: 18/18 MP: 2/2
   131 | Abyss:1  | Found a corrupted altar of Lugonu.
   208 | Abyss:1  | Noticed a smoke demon
   278 | Abyss:1  | Noticed a quasit
   303 | Abyss:1  | Killed a quasit
   304 | Abyss:1  | Gained mutation: You have sharp toenails. [demonic
                  | ancestry]
   304 | Abyss:1  | Reached XP level 2. HP: 5/24 MP: 3/3
   304 | Abyss:1  | Gained mutation: You regenerate a little health from kills.
                  | [demonic ancestry]
   304 | Abyss:1  | Reached XP level 3. HP: 6/29 MP: 4/4
   548 | Abyss:1  | Noticed a worldbinder
   550 | D:1      | Escaped the Abyss
  1437 | D:1      | Reached * piety under Lugonu
  1441 | D:1      | Found a faded altar of an unknown god.
  1584 | D:1      | Gained mutation: You sometimes gain a little power by
                  | taking damage. [demonic ancestry]
  1584 | D:1      | Reached XP level 4. HP: 35/35 MP: 5/5
  1723 | D:1      | HP: 1/35 [rat (1)]
  1725 | D:1      | Slain by a rat

Illustrated notes

Levels and vault maps discovered:
D:1:      minmay_arrival_glassed_features, layout_loops_ring,
          hellmonk_ecumenical_altar_arch_garden

Skill      XL: |  1 |
---------------+----+-----
Short Blades   | 3 |  3.9
Fighting       | |  3.0
Armour         | |  1.7
Dodging        | |  0.8
Invocations    | |  2.4

Action                   |  1- 3 |  4- 6 || total
-------------------------+-------+-------++-------
Melee: Short sword       |   110 |       ||   110
       Kick              |    13 |       ||    13
Invok: Depart the Abyss  |     1 |       ||     1
Armor: Leather armour    |    62 |    26 ||    88
Dodge: Dodged            |    90 |    48 ||   138

Table legend: (Time is in decaauts)
 A = Elapsed time spent in this place.
 B = Non-inter-level travel time spent in this place.
 C = Inter-level travel time spent in this place.
 D = Time resting spent in this place.
 E = Time spent auto-exploring this place.
 F = Levels seen in this place.
 G = Mean time per level.
                   A        B        C        D        E       F      G
               +--------+--------+--------+--------+--------+-----+--------+
         Total |   1718 |   1718 |      0 |      0 |   1384 |   2 |  859.0 |
       Dungeon |   1167 |   1167 |      0 |      0 |    890 |   1 | 1167.0 |
         Abyss |    550 |    550 |      0 |      0 |    494 |   1 |  550.0 |
               +--------+--------+--------+--------+--------+-----+--------+

Top non-repeatable levels by time:
     D:1: 1167 daAuts
 Abyss:1: 550 daAuts
